 Dungeon Crawl Stone Soup version 0.23.2-40-g277498a001 (webtiles) character file.

Game seed: 16547854607917990558

808264 DildoBatman the Metallomancer (level 27, -2/217 HPs)
             Began as a Formicid Wizard on Aug 13, 2019.
             Was an Initiate of Gozag.
             Slain by Aptowod the pandemonium lord (14 damage)
             ... on level 27 of a ziggurat on Aug 14, 2019.
             The game lasted 06:05:12 (60303 turns).

DildoBatman the Metallomancer (Formicid Wizard)    Turns: 60303, Time: 06:05:13

Health: -2/217     AC: 36    Str: 23    XL:     27
Magic:  15/41      EV: 21    Int: 41    God:    Gozag
Gold:   11865      SH: 18    Dex: 21    Spells: 3/54 levels left

rFire    + + +     SeeInvis +   b - staff of energy
rCold    + + +     Gourm    .   f - +2 shield of Resistance {rF+ rC+ MR+}
rNeg     + + +     Faith    .   o - +4 troll leather armour
rPois    ∞         Spirit   .   (helmet unavailable)
rElec    +         Reflect  .   P - +4 cloak of the Ward {Regen+ Stlth+}
rCorr    +         Harm     .   h - +0 pair of fencer's gloves {Riposte Dex+3}
MR       +++++                  Z - +2 pair of boots "Anorgh" {Dex+5}
Stlth    +++++++...             r - amulet of Bariule {*Slow Regen+ Str+10}
HPRegen  1.66/turn              i - ring "Toghuu" {rN+ Int+8}
MPRegen  0.27/turn              q - ring "Foid" {rC+ MR+ Int+3 Dex+4}

@: icy armour, lich-form, resistant, tornado, darkness (expiring), gold aura,
flying (expiring), studying 4 skills
A: permanent stasis, dig shafts and tunnels, four strong arms, antennae 3, beak,
deformed body, fire resistance 1, shaggy fur 1, evolution 1, sturdy frame 1
}: 4/15 runes: decaying, serpentine, silver, golden
a: Dig, Shaft Self, End Transformation, Potion Petition, Call Merchant, Bribe
Branch, Renounce Religion


You were on level 27 of a ziggurat.
You worshipped Gozag.
Gozag was extremely pleased with you.
You were not hungry.
You were a lich.
You visited 10 branches of the dungeon, and saw 46 of its levels.
You visited 1 bazaar.
You visited 1 ziggurat, and saw 27 of its levels.
You also visited: Sewer, Bailey and Ice Cave.

You collected 35622 gold pieces.
You spent 6163 gold pieces at shops.
You paid 17594 gold pieces to Gozag.

Inventory:

Hand Weapons
 a - the +3 great sword of Irritation {speed, +Fly rElec MP+9 Int+5}
   (You took it off a frost giant in an ice cave)

   Attacks with this weapon are significantly faster.
   It affects your intelligence (+5).
   It insulates you from electricity.
   It affects your magic capacity (+9).
   It lets you fly.
 d - the +7 Spriggan's Knife {stab, EV+4 Stlth+}
   (You found it on level 13 of a ziggurat)

   It affects your evasion (+4).
   It makes you more stealthy.
 D - the +7 great mace "Firestarter" {inner flame, rF++}
   (You found it on level 26 of a ziggurat)

   It has been specially enchanted to burn those struck by it, causing extra
   injury to most foes and up to half again as much damage against particularly
   susceptible opponents.
   It greatly protects you from fire.
Missiles
 C - 50 javelins of penetration (quivered)
 M - 14 throwing nets
Armour
 c - the +3 hat of Pondering {ponderous, MR+ MP+10 Int+5}
   (You found it on level 17 of a ziggurat)

   It affects your intelligence (+5).
   It affects your resistance to hostile enchantments.
   It affects your magic capacity (+10).
 f - the +2 shield of Resistance (worn) {rF+ rC+ MR+}
   (You found it on level 14 of the Dungeon)

   It protects you from fire.
   It protects you from cold.
   It affects your resistance to hostile enchantments.
 h - the +0 pair of fencer's gloves (worn) {Riposte Dex+3}
   (You found it on level 3 of the Elven Halls)

   It affects your dexterity (+3).
 o - a +4 troll leather armour (worn)
 P - the +4 cloak of the Ward (worn) {Regen+ Stlth+}
   (You found it on level 3 of the Lair of Beasts)

   It increases your rate of regeneration.
   It makes you more stealthy.
 U - the +2 pair of boots of the Assassin {Detection Stab+ Stlth++}
   (You found it on level 13 of a ziggurat)

   It makes you much more stealthy.
 Z - the +2 pair of boots "Anorgh" (worn) {Dex+5}
   (You found it on level 3 of the Elven Halls)

   It affects your dexterity (+5).
Magical Staves
 b - an uncursed staff of energy (weapon)
Jewellery
 g - the brooch of Shielding {Reflect SH+8}
   (You found it on level 14 of a ziggurat)

   [amulet of reflection]

   It shields you and reflects attacks.
   It affects your SH (+8).
 i - the ring "Toghuu" (left hand) {rN+ Int+8}
   (You found it on level 12 of a ziggurat)

   [ring of positive energy]

   It affects your intelligence (+8).
   It protects you from negative energy.
 q - the ring "Foid" (right hand) {rC+ MR+ Int+3 Dex+4}
   (You bought it in a shop on level 2 of the Orcish Mines)

   [ring of protection from cold]

   It affects your intelligence (+3).
   It affects your dexterity (+4).
   It protects you from cold.
   It affects your resistance to hostile enchantments.
 r - the amulet of Bariule (around neck) {*Slow Regen+ Str+10}
   (You found it on level 3 of the Elven Halls)

   [amulet of regeneration]

   It affects your strength (+10).
   It increases your rate of regeneration.
   It may slow you when you take damage.
 u - the ring "Puitumas" {+Fly rElec rF++ rC- Dex+4}
   (You found it on level 22 of a ziggurat)

   [ring of flight]

   It affects your dexterity (+4).
   It greatly protects you from fire.
   It makes you vulnerable to cold.
   It insulates you from electricity.
   It lets you fly.
 I - the ring of Pragmatism {rElec rPois rF+ rN+}
   (You found it on level 11 of a ziggurat)

   [ring of positive energy]

   It protects you from fire.
   It insulates you from electricity.
   It protects you from poison.
   It protects you from negative energy.
 V - the amulet of the Four Winds {rN+ MR+++ Clar}
   (You found it on level 15 of a ziggurat)

   [amulet of nothing]

   It protects you from negative energy.
   It affects your resistance to hostile enchantments.
   It protects you against confusion.
Wands
 s - a wand of clouds (9)
 E - a wand of acid (43)
 H - a wand of iceblast (52)
 J - a wand of scattershot (3)
 L - a wand of disintegration (11)
Scrolls
 k - 3 scrolls of amnesia
 n - 14 scrolls of immolation
 w - a scroll of magic mapping
 x - 20 scrolls of remove curse
 z - 30 scrolls of identify
 B - 3 scrolls of holy word
 K - 23 scrolls of fog
 N - 3 scrolls of enchant armour
 Q - 5 scrolls of summoning
Books
 y - a manual of Maces & Flails
 G - a manual of Axes
 S - a manual of Long Blades
 T - a manual of Stealth
 W - a manual of Long Blades
Miscellaneous
 l - a fan of gales
 m - a phial of floods
 t - 5 phantom mirrors
 R - 5 boxes of beasts
 Y - 10 sacks of spiders
Comestibles
 v - 8 rations


   Skills:
 - Level 18.0 Fighting
   Level 5.0 Polearms
 - Level 12.0 Armour
 - Level 10.0 Dodging
 * Level 12.7 Stealth
 - Level 19.2 Shields
 * Level 14.2 Spellcasting
   Level 9.6 Conjurations
 - Level 10.0 Hexes
 - Level 8.0 Charms
   Level 1.0 Summonings
 - Level 19.0 Necromancy
   Level 0.8 Translocations
 - Level 19.0 Transmutations
   Level 4.3 Fire Magic
 - Level 8.2 Ice Magic
 * Level 25.3 Air Magic
 * Level 25.6 Earth Magic
   Level 8.1 Poison Magic
 - Level 15.0 Evocations


You had 3 spell levels left.
You knew the following spells:

 Your Spells              Type           Power        Failure   Level  Hunger
a - Borgnjor's Vile Clut  Necr/Erth      ########..   0%          5    N/A
b - Shatter               Erth           ########..   3%          9    N/A
c - Tornado               Air            ########..   3%          9    N/A
d - Necromutation         Tmut/Necr      ########..   3%          8    N/A
e - Regeneration          Chrm/Necr      ########..   0%          3    N/A
f - Statue Form           Tmut/Erth      ########.    1%          6    N/A
g - Darkness              Hex            #######...   2%          6    N/A
i - Ozocubu's Armour      Chrm/Ice       #######.     1%          3    N/A
z - Sublimation of Blood  Necr           ########..   0%          2    N/A

Your spell library contained the following spells:

 Spells                   Type           Power        Failure   Level  Hunger
 Animate Skeleton         Necr           N/A          0%          1    N/A
 Beastly Appendage        Tmut           ######       0%          1    N/A
 Pain                     Necr           ####         0%          1    N/A
 Sandblast                Erth           ######       0%          1    N/A
 Corpse Rot               Necr           N/A          0%          2    N/A
 Passwall                 Tmut/Erth      ########     0%          2    N/A
 Poisonous Vapours        Pois/Air       ######       0%          2    N/A
 Sticks to Snakes         Tmut           ########     0%          2    N/A
 Swiftness                Chrm/Air       ########     0%          2    N/A
 Mephitic Cloud           Conj/Pois/Air  #######.     0%          3    N/A
 Spider Form              Tmut/Pois      #######...   0%          3    N/A
 Static Discharge         Conj/Air       ########     0%          3    N/A
 Stone Arrow              Conj/Erth      ######       0%          3    N/A
 Vampiric Draining        Necr           ########..   0%          3    N/A
 Apportation              Tloc           #####.       1%          1    N/A
 Confusing Touch          Hex            ######       1%          1    N/A
 Corona                   Hex            #######      1%          1    N/A
 Flame Tongue             Conj/Fire      #####        1%          1    N/A
 Magic Dart               Conj           ####         1%          1    N/A
 Sting                    Conj/Pois      ####         1%          1    N/A
 Summon Butterflies       Summ           #####...     1%          1    N/A
 Summon Small Mammal      Summ           ####         1%          1    N/A
 Call Imp                 Summ           #####...     1%          2    N/A
 Ensorcelled Hibernation  Hex/Ice        ######       1%          2    N/A
 Searing Ray              Conj           ######       1%          2    N/A
 Shroud of Golubria       Chrm/Tloc      ######....   1%          2    N/A
 Slow                     Hex            #######.     1%          2    N/A
 Throw Flame              Conj/Fire      ######       1%          2    N/A
 Confuse                  Hex            #######.     1%          3    N/A
 Conjure Flame            Conj/Fire      ######..     1%          3    N/A
 Dazzling Spray           Conj/Hex       ######       1%          3    N/A
 Ignite Poison            Fire/Tmut/Pois #######.     1%          3    N/A
 Inner Flame              Hex/Fire       ######..     1%          3    N/A
 Portal Projectile        Hex/Tloc       ######       1%          3    N/A
 Summon Guardian Golem    Hex/Summ       ######..     1%          3    N/A
 Tukima's Dance           Hex            #######.     1%          3    N/A
 Call Canine Familiar     Summ           #####...     2%          3    N/A
 Gell's Gravitas          Tloc           #####.....   2%          3    N/A
 Lesser Beckoning         Tloc           #####.....   2%          3    N/A
 Recall                   Summ/Tloc      N/A          2%          3    N/A
 Teleport Other           Tloc           #####...     2%          3    N/A
 Animate Dead             Necr           N/A          0%          4    N/A
 Leda's Liquefaction      Hex/Erth       ########..   0%          4    N/A
 Petrify                  Tmut/Erth      ########     0%          4    N/A
 Agony                    Necr           ########     0%          5    N/A
 Blade Hands              Tmut           ########..   0%          5    N/A
 Dispel Undead            Necr           ########     0%          5    N/A
 Lee's Rapid Deconstruct  Erth           ########..   0%          5    N/A
 Cause Fear               Hex            #######...   1%          4    N/A
 Force Lance              Conj/Tloc      ######..     1%          4    N/A
 Fulminant Prism          Conj/Hex       #######...   1%          4    N/A
 Ice Form                 Ice/Tmut       #######.     1%          4    N/A
 Iskenderun's Mystic Bla  Conj           #######.     1%          4    N/A
 Olgreb's Toxic Radiance  Pois           #######.     1%          4    N/A
 Sticky Flame             Conj/Fire      ######..     1%          4    N/A
 Summon Ice Beast         Ice/Summ       ######..     1%          4    N/A
 Summon Lightning Spire   Summ/Air       #######.     1%          4    N/A
 Bolt of Draining         Conj/Necr      ########..   1%          5    N/A
 Bolt of Magma            Conj/Fire/Erth #######...   1%          5    N/A
 Excruciating Wounds      Chrm/Necr      ########..   1%          5    N/A
 Fireball                 Conj/Fire      ######....   1%          5    N/A
 Irradiate                Conj/Tmut      #######...   1%          5    N/A
 Iskenderun's Battlesphe  Conj/Chrm      #######.     1%          5    N/A
 Lightning Bolt           Conj/Air       ########..   1%          5    N/A
 Metabolic Englaciation   Hex/Ice        #######...   1%          5    N/A
 Silence                  Hex/Air        ########..   1%          5    N/A
 Venom Bolt               Conj/Pois      #######...   1%          5    N/A
 Yara's Violent Unravell  Hex/Tmut       #######...   1%          5    N/A
 Conjure Ball Lightning   Conj/Air       ########..   1%          6    N/A
 Death Channel            Necr           ########..   1%          6    N/A
 Deflect Missiles         Chrm/Air       ########..   1%          6    N/A
 Freezing Cloud           Conj/Ice/Air   #######...   1%          6    N/A
 Hydra Form               Tmut           ########..   1%          6    N/A
 Iron Shot                Conj/Erth      ########..   1%          6    N/A
 Simulacrum               Ice/Necr       ########..   1%          6    N/A
 Dragon Form              Tmut           ########..   1%          7    N/A
 Invisibility             Hex            #######.     2%          6    N/A
 Summon Mana Viper        Hex/Summ       ######..     3%          5    N/A
 Borgnjor's Revivificati  Necr           ########..   3%          8    N/A
 Infestation              Necr           ########..   3%          8    N/A
 Bolt of Cold             Conj/Ice       #######...   4%          6    N/A
 Poison Arrow             Conj/Pois      #######...   4%          6    N/A
 Lehudib's Crystal Spear  Conj/Erth      ########..   4%          8    N/A
 Ozocubu's Refrigeration  Ice            #######...   5%          6    N/A
 Chain Lightning          Conj/Air       ########..   5%          8    N/A
 Passage of Golubria      Tloc           N/A          8%          4    N/A
 Bolt of Fire             Conj/Fire      ######....   10%         6    N/A
 Haunt                    Necr/Summ      ########..   16%         7    N/A
 Orb of Destruction       Conj           #######...   17%         7    N/A
 Aura of Abjuration       Summ           #####.....   21%         5    N/A
 Summon Demon             Summ           #####.....   21%         5    N/A
 Summon Forest            Summ/Tloc      #####.....   21%         5    N/A
 Death's Door             Chrm/Necr      ########..   28%         8    N/A
 Ring of Flames           Chrm/Fire      ######....   56%         7    N/A
 Spellforged Servitor     Conj/Summ      ######....   71%         7    N/A
 Shadow Creatures         Summ           N/A          73%         6    N/A
 Dispersal                Tloc           #####.....   75%         6    N/A
 Malign Gateway           Summ/Tloc      #####.....   99%         7    N/A
 Monstrous Menagerie      Summ           #####.....   99%         7    N/A
 Summon Greater Demon     Summ           #####.....   99%         7    N/A
 Summon Hydra             Summ           #####.....   99%         7    N/A
 Disjunction              Tloc           #####.....   100%        8    N/A
 Ignition                 Fire           ######....   100%        8    N/A
 Summon Horrible Things   Summ           #####.....   100%        8    N/A
 Dragon's Call            Summ           #####.....   100%        9    N/A
 Fire Storm               Conj/Fire      ######....   100%        9    N/A
 Glaciate                 Conj/Ice       #######...   100%        9    N/A
 Blink                    Tloc           Unusable     N/A         2    N/A
 Controlled Blink         Tloc           Unusable     N/A         8    N/A

Dungeon Overview and Level Annotations

Branches:
Dungeon (15/15)            Temple (1/1) D:6            Lair (6/6) D:8
  Swamp (4/4) Lair:3        Snake (4/4) Lair:3        Slime (0/5) Lair:5
    Orc (2/2) D:12            Elf (3/3) Orc:2        Vaults (5/5) D:14
  Crypt (3/3) Vaults:2       Tomb (3/3) Crypt:3      Depths (0/5) D:15

Altars:
Ashenzari
Cheibriados
Dithmenos
Elyvilon
Fedhas
Gozag
Hepliaklqana
Kikubaaqudgha
Makhleb
Nemelex Xobeh
Okawaru
Qazlal
Ru
Sif Muna
Trog
Uskayaw
Vehumet
Wu Jian
Xom
Yredelemnul
Zin
The Shining One
Beogh
Jiyva

Shops:
Orc:1 %:   Orc:2 ![*([   Elf:2 !   Elf:3 ?   Snake:4 [   Vaults:1 !
Vaults:5 :


Innate Abilities, Weirdness & Mutations

You cannot be hasted, slowed, berserked, paralysed or teleported.
You can dig through walls and to a lower floor.
Your four strong arms can wield two-handed weapons with a shield.
You have a pair of large antennae on your head. (SInv)
You have a beak for a mouth.
Armour fits poorly on your strangely shaped body.
Your flesh is heat resistant. (rF+)
You are covered in fur. (AC +1)
You evolve.
Your movements are slightly less encumbered by armour. (ER -2)


Message History

The winds around you calm down.
Something screeches, "Fly, thou impertinent wibble-sucking pot-faker!"
You hear a horrible gurgling sound!
Manguto misses you.
Rukuamej comes into view. It is armed with a flaming touch.
The shadow dragon becomes distracted by the nearby gold, dreaming of imaginary riches.
Manguto gestures.
Casting: Shatter (slightly dangerous; 3% risk of failure)
Confirm with . or Enter, or press ? or * to list all spells.
A great vortex of raging winds appears and lifts you up.
Rukuamej says, "Quit, thou tasty snackling!"
The darkness around you begins to abate.
Aptowod completely misses you.
Manguto conjures an orb of pure magic.
The wavering orb of destruction weakly hits you!!!
Rukuamej becomes distracted by the nearby gold, dreaming of imaginary riches.
A Killer Klown comes into view. It is wielding a +10 club.
Aptowod hits you!
You die...
Your body crumbles into a pile of gold.

▓.......$............
▓....................
▓....................
▓..........p.........
▓.........&..........
▓▓.......D...........
▓..44.§§.t.......
▓▓.§4§○§.......
▓.§&L§§... ▓▓.&§§§...
▓▓§§§§... ▓▓......
▓▓..... ▓.... ▓...


You could see Aptowod, Manguto, Rukuamej (unaware), a Killer Klown, an alligator
snapping turtle, a shadow dragon, an orange demon, an ice devil and a red devil.

Vanquished Creatures
  Khufu (Tomb:3)
  Mennas (Tomb:2)
  16 ancient liches
  Mara (Crypt:2)
  4 pandemonium lords (Zig:27)
  Sojobo (Crypt:1)
  31 greater mummies
  Saint Roka (Orc:2)
  7 shard shrikes (Zig:17)
  Bai Suzhen (Crypt:1)
  Margery (Crypt:1)
  A caustic shrike (Zig:19)
  4 Killer Klowns (Zig:27)
  Vashnia (Snake:2)
  Nikola (Snake:2)
  14 golden dragons
  Jory (Vaults:2)
  9 pearl dragons
  2 bone dragons
  13 liches
  8 hellephants
  4 iron giants
  6 Ice Fiends (Zig:17)
  3 Hell Sentinels (Zig:12)
  Rupert (Lair:4)
  3 tentacled monstrosities
  14 titans
  8 deep elf blademasters
  A shard shrike skeleton (Crypt:2)
  2 quicksilver dragons
  9 deep elf master archers
  12 acid blobs
  13 sphinxes
  An Executioner (Zig:13)
  5 ancient champions
  5 tengu reavers
  2 tentacled starspawn (Zig:8)
  2 storm dragons
  16 azure jellies
  Donald (Orc:1)
  A shadow dragon (Vaults:5)
  5 revenants
  17 nagarajas
  2 draconian knights
  6 fire giants
  5 daevas
  Aizul (Vaults:3)
  5 emperor scorpions (Zig:26)
  8 ghost moths
  2 curse skulls
  2 iron dragons
  A juggernaut zombie (Zig:18)
  6 deep elf sorcerers
  2 black suns (Zig:25)
  3 angels
  9 frost giants
  21 vault wardens
  2 caustic shrike zombies (Zig:18)
  An orc warlord (Zig:22)
  4 deep elf elementalists
  4 ghouls
  16 ironheart preservers
  6 reapers
  A caustic shrike skeleton (Zig:18)
  8 war gargoyles
  2 very ugly things
  18 entropy weavers
  2 bennus (Tomb:1)
  8 ophanim
  12 stone giants
  7 vampire knights
  13 apis
  15 deep elf demonologists
  2 purple draconians
  Azrael (Snake:2)
  A spark wasp (Zig:26)
  2 dire elephants (Zig:19)
  18 deep elf annihilators
  8 deep elf death magi
  18 merfolk javelineers
  2 blizzard demons
  7 eidola
  A death ooze (Zig:20)
  A crystal guardian (Zig:12)
  23 mummy priests
  4 fire dragons
  8 ettins
  9 great orbs of eyes
  7 merfolk impalers
  A spectral golden dragon (Crypt:3)
  Josephine (Lair:6)
  15 deep elf high priests
  12 jiangshi
  8 yaktaur captains
  A great orb of eyes (shapeshifter) (Zig:22)
  23 hydras
  A rakshasa (Vaults:3)
  12 ice dragons
  24 vault guards
  15 naga warriors
  2 spectral stone giants (Crypt:3)
  2 quicksilver dragon skeletons
  3 shambling mangroves
  The ghost of kalagan the Thaumaturge, a journeyman DESu of Sif Muna (Lair:6)
  3 alligator snapping turtles
  8 centaur warriors
  3 satyrs (Zig:21)
  A spectral frost giant (Crypt:3)
  7 death knights
  Erica (Lair:2)
  6 ghost crabs
  9 merfolk aquamancers
  4 merfolk avatars
  13 anacondas
  A two-headed ogre (shapeshifter) (Zig:25)
  18 ogre magi
  2 orc high priests
  10 alligators
  57 death scarabs
  44 two-headed ogres
  8 shock serpents
  9 vampire magi
  The ghost of havocjr3 the Protected, a novice GnWn (D:9)
  2 thrashing horrors
  3 tengu warriors
  25 naga sharpshooters
  Sonja (Lair:2)
  A titan skeleton (Crypt:1)
  4 hell knights (Crypt:1)
  Urug (D:13)
  A storm dragon zombie (Tomb:3)
  A soul eater (Crypt:3)
  3 wretched stars (Zig:13)
  20 shadow wraiths
  Nergalle (Lair:1)
  2 iron golems
  33 deep elf knights
  A spatial maelstrom (Zig:13)
  5 fire crabs (Lair:5)
  A storm dragon skeleton (Crypt:3)
  25 skeletal warriors
  12 sea snakes
  A fire crab (shapeshifter) (Vaults:3)
  3 salamander mystics
  An unseen horror (Vaults:1)
  13 cherubim
  A spriggan druid (Swamp:4)
  A shadow demon (Zig:13)
  6 naga ritualists
  19 starcursed masses
  15 deep trolls
  7 flayed ghosts
  3 swamp dragons
  2 sphinx zombies (Zig:18)
  3 obsidian statues (Zig:2)
  A ghost moth zombie (Crypt:3)
  2 sea snakes (shapeshifter)
  6 wizards
  A spectral anaconda (Crypt:3)
  2 golden dragon skeletons
  A lindwurm (Lair:6)
  An orange crystal statue (Zig:2)
  A glowing orange brain (Vaults:3)
  15 ironbrand convokers
  16 orc knights
  17 deep elf archers
  A tengu zombie (Zig:18)
  7 necromancers
  29 phantasmal warriors
  17 ugly things
  12 harpies (Zig:23)
  An iron dragon zombie (Zig:18)
  7 shining eyes
  A wolf spider (shapeshifter) (Zig:25)
  A shining eye (shapeshifter) (Zig:25)
  20 wolf spiders
  A shadow dragon zombie (Tomb:3)
  8 mana vipers
  23 oklob plants
  6 orb spiders
  A human zombie (Vaults:3)
  6 moths of wrath (Zig:26)
  85 deep elf magi
  A spectral ice dragon (Crypt:3)
  An orc sorcerer (Vaults:1)
  A manticore (shapeshifter) (Vaults:4)
  10 fauns (Zig:21)
  9 salamanders
  19 manticores
  10 cyclopes
  8 rust devils
  3 guardian serpents
  43 black mambas
  6 centaur zombies
  A moth of wrath (shapeshifter) (Vaults:4)
  7 merfolk sirens
  An iron dragon skeleton (Tomb:1)
  17 water nymphs
  A storm dragon simulacrum (Vaults:3)
  A spiny frog (shapeshifter) (Vaults:2)
  2 molten gargoyles (Lair:6)
  6 vault sentinels
  22 naga magi
  6 torpor snails
  2 stone giant skeletons (Vaults:3)
  23 spiny frogs
  3 eyes of devastation (Zig:20)
  2 smoke demons
  An ice statue (IceCv)
  A death yak zombie (Lair:3)
  A sea snake zombie (Crypt:1)
  An apocalypse crab (Lair:5)
  A kobold demonologist (D:14)
  4 gargoyles
  A hellion (Zig:18)
  38 yaktaurs
  2 ancient zymes
  5 tormentors (Zig:18)
  A red draconian zombie (Crypt:1)
  7 demonic crawlers (Zig:26)
  7 rime drakes
  19 komodo dragons
  4 ice devils
  37 guardian mummies
  An efreet (D:15)
  18 freezing wraiths
  A red devil (Zig:1)
  A catoblepas skeleton (Lair:2)
  13 jumping spiders
  2 hydra zombies (Lair:3)
  3 queen bees (shapeshifter)
  A queen bee (Lair:2)
  14 trolls
  5 hydra skeletons
  50 merfolk
  20 polar bears
  A harpy zombie (Crypt:1)
  7 wind drakes
  2 trolls (shapeshifter)
  10 tyrant leeches
  24 hornets
  Grinder (D:2)
  A sphinx simulacrum (Zig:17)
  A blink frog (shapeshifter) (Vaults:3)
  12 hippogriffs
  37 slime creatures
  A harpy skeleton (Crypt:2)
  15 blink frogs
  2 fire dragon zombies
  3 raiju
  A frost giant simulacrum (Vaults:3)
  3 hippogriffs (shapeshifter)
  2 bog bodies
  A satyr zombie (Crypt:3)
  A death drake skeleton (Crypt:1)
  8 snapping turtles
  An ice dragon zombie (Tomb:1)
  A fire dragon skeleton (Crypt:1)
  2 human simulacra
  A stone giant simulacrum (Vaults:2)
  An ettin zombie (Vaults:3)
  13 redbacks
  8 tarantellas (Zig:26)
  2 black mamba zombies
  A tarantella (shapeshifter) (Vaults:1)
  2 centaur simulacra
  Sigmund (D:4)
  4 vampires
  11 shadows
  10 wyverns
  48 flying skulls
  7 spriggans
  6 air elementals
  51 yaks
  23 ushabtiu
  2 ynoxinuls
  17 wraiths
  2 ettin skeletons
  A wyvern (shapeshifter) (D:13)
  14 water elementals
  3 black mamba skeletons
  A human (shapeshifter) (Vaults:4)
  18 vampire mosquitoes
  4 golden eyes
  2 steam dragons
  8 basilisks
  6 fire elementals
  A chaos spawn (Zig:13)
  4 swamp worm simulacra (Swamp:4)
  5 hungry ghosts
  4 large abominations
  A swamp worm (shapeshifter) (Vaults:3)
  15 swamp worms
  6 wargs
  14 insubstantial wisps
  2 spatial vortices (Zig:13)
  12 hydra simulacra (Swamp:4)
  A soldier ant (D:9)
  10 hell hounds
  39 nagas
  2 spiny frog zombies
  3 acid dragons
  2 floating eyes
  2 floating eyes (shapeshifter)
  An orb spider zombie (Crypt:2)
  17 water moccasins
  5 porcupines
  22 orc warriors
  5 swamp drakes
  An ice beast (D:11)
  An ettin simulacrum (Crypt:3)
  A manticore zombie (Crypt:2)
  7 eyes of draining
  4 phantoms
  3 black bears
  2 necrophages
  A spiny frog skeleton (Lair:3)
  An elephant zombie (Lair:3)
  3 sky beasts
  55 ogres
  A small abomination (Zig:13)
  26 wolves
  4 blink frog zombies (Lair:2)
  A dream sheep skeleton (Lair:2)
  A torpor snail zombie (Lair:3)
  23 centaurs
  2 elf zombies
  3 komodo dragon zombies
  24 crocodiles
  A hippogriff zombie (Lair:2)
  A rime drake skeleton (Lair:2)
  3 big kobolds
  17 bullfrogs
  A komodo dragon skeleton (Crypt:3)
  A glowing shapeshifter simulacrum (Zig:17)
  2 hippogriff skeletons (Lair:3)
  8 earth elementals
  2 water moccasin zombies (Lair:2)
  3 scorpions
  A yak zombie (Lair:2)
  2 water moccasin skeletons
  11 wights
  27 killer bees
  5 howler monkeys
  9 crimson imps
  A bullfrog zombie (Lair:2)
  A wolf skeleton (Lair:2)
  5 lava snakes (Lair:6)
  13 orc priests
  A bullfrog skeleton (Lair:3)
  5 hounds
  4 jellies
  6 centaur skeletons
  29 orc wizards
  4 iron imps (Zig:18)
  2 basilisk zombies
  5 iguanas
  2 porcupine zombies (Lair:3)
  A porcupine skeleton (Crypt:3)
  20 worker ants
  A naga zombie (Crypt:3)
  A felid skeleton (Crypt:1)
  A crocodile skeleton (Lair:3)
  A demigod skeleton (Crypt:1)
  A deep dwarf skeleton (Crypt:3)
  61 mummies
  4 gnolls (Orc:2)
  11 adders
  4 shadow imps
  6 oozes
  4 swamp drake simulacra (Swamp:4)
  2 adder skeletons
  2 adder zombies
  3 dart slugs (D:1)
  5 worms
  5 leopard geckos
  105 orcs
  5 giant cockroaches
  13 goblins
  10 hobgoblins
  11 jackals
  6 quokkas
  3 ball pythons
  13 bats
  5 frilled lizards
  A frilled lizard skeleton (Crypt:2)
  A hobgoblin skeleton (Crypt:2)
  23 kobolds
  A kobold skeleton (Crypt:2)
  10 rats
  A river rat skeleton (Crypt:2)
  17 plants (Zig:24)
  A starspawn tentacle (Zig:8)
3122 creatures vanquished.

Vanquished Creatures (collateral kills)
  A wolf (Lair:2)
  A leopard gecko (Sewer)
2 creatures vanquished.

Vanquished Creatures (others)
  A golden dragon (Zig:22)
  Asterion (Snake:2)
  A vault warden (Zig:22)
  A draconian knight (Zig:17)
  2 ice dragons (Zig:17)
  A ghost crab (Swamp:4)
  An alligator (Swamp:4)
  34 dancing weapons
  A death scarab (Tomb:3)
  A glowing orange brain (Zig:22)
  A phantasmal warrior (Crypt:1)
  A wolf spider (Zig:5)
  A spiny frog (Swamp:1)
  A tyrant leech (Swamp:4)
  2 slime creatures (Swamp:3)
  A hornet (Swamp:1)
  A basilisk (Zig:4)
  4 insubstantial wisps (Swamp:1)
  A warg (Vaults:1)
  A naga (Snake:2)
  A wolf (IceCv)
  A felid skeleton (Crypt:1)
  4 fungi
  8 plants
  A starspawn tentacle (Zig:8)
73 creatures vanquished.

Grand Total: 3197 creatures vanquished

Notes
Turn   | Place    | Note
-------+----------+-------------------------------------------
     0 | D:1      | DildoBatman the Formicid Wizard began the quest for the
                  | Orb.
     0 | D:1      | Reached XP level 1. HP: 13/13 MP: 4/4
    35 | D:1      | Reached skill level 1 in Conjurations
   135 | D:1      | Reached XP level 2. HP: 18/19 MP: 4/6
   451 | D:1      | Reached XP level 3. HP: 24/24 MP: 5/7
   456 | D:1      | Learned a level 3 spell: Conjure Flame
   460 | D:1      | Learned a level 3 spell: Mephitic Cloud
   986 | D:2      | Reached XP level 4. HP: 27/30 MP: 3/8
  1993 | D:3      | Found a glowing drain.
  2088 | D:3      | Noticed Grinder
  2228 | D:3      | Reached XP level 5. HP: 28/35 MP: 4/9
  2267 | Sewer    | Entered a sewer
  3108 | Sewer    | Reached skill level 1 in Shields
  3463 | D:3      | Found a shadowy altar of Dithmenos.
  3657 | D:3      | Reached XP level 6. HP: 41/41 MP: 7/10
  4271 | D:4      | Noticed an ogre
  4334 | D:4      | Reached skill level 1 in Poison Magic
  4440 | D:4      | Got a scorched trident
  4441 | D:4      | Identified the +4 trident of Bustotud {elec, rPois rF+++
                  | Str+7 Dex-2} (You found it on level 4 of the Dungeon)
  5011 | D:5      | Entered Level 5 of the Dungeon
  5039 | D:5      | Found a hazy altar of Hepliaklqana.
  5067 | D:5      | Found a sacrificial altar of Ru.
  5122 | D:5      | Found a hide-covered altar of Uskayaw.
  5286 | D:5      | Found a shadowy altar of Dithmenos.
  5297 | D:5      | Noticed Sigmund
  5418 | D:4      | Reached skill level 1 in Fire Magic
  5793 | D:6      | Found a bloodstained altar of Trog.
  5801 | D:6      | Reached XP level 7. HP: 46/46 MP: 11/11
  6059 | D:6      | Reached skill level 1 in Polearms
  6059 | D:6      | Reached skill level 1 in Air Magic
  6107 | D:6      | Found a staircase to the Ecumenical Temple.
  6116 | Temple   | Entered the Ecumenical Temple
  6290 | Temple   | Became a worshipper of Kikubaaqudgha
  6422 | D:6      | Found a shadowy altar of Dithmenos.
  6608 | D:6      | Reached skill level 5 in Conjurations
  6829 | D:5      | Reached XP level 8. HP: 52/52 MP: 13/13
  7047 | D:4      | Killed Sigmund
  7088 | D:4      | Reached * piety under Kikubaaqudgha
  7088 | D:4      | Identified Kikubaaqudgha's Almanac of Unholy Arts
                  | (Kikubaaqudgha gifted it to you on level 4 of the Dungeon)
  7088 | D:4      | Received a gift from Kikubaaqudgha
  7321 | D:2      | Killed Grinder
  7321 | D:2      | Reached skill level 5 in Poison Magic
  7419 | D:6      | Noticed a two-headed ogre
  7510 | D:6      | Killed a two-headed ogre
  7510 | D:6      | Reached XP level 9. HP: 57/57 MP: 4/15
  7690 | D:7      | Found a shimmering altar of Xom.
  7693 | D:7      | Found a shimmering altar of Xom.
  7967 | D:7      | Reached ** piety under Kikubaaqudgha
  8059 | D:7      | Reached skill level 1 in Armour
  8063 | D:7      | Found a stormy altar of Qazlal.
  8114 | D:7      | Reached skill level 1 in Fighting
  8185 | D:7      | Reached XP level 10. HP: 65/65 MP: 12/16
  8954 | D:8      | Reached *** piety under Kikubaaqudgha
  8954 | D:8      | Identified Kikubaaqudgha's Grimoire of Evil (Kikubaaqudgha
                  | gifted it to you on level 8 of the Dungeon)
  8954 | D:8      | Received a gift from Kikubaaqudgha
  8975 | D:8      | Reached skill level 5 in Stealth
  8975 | D:8      | Reached skill level 5 in Spellcasting
  9041 | D:8      | Found a staircase to the Lair.
  9250 | D:9      | Learned a level 3 spell: Regeneration
  9253 | D:9      | Learned a level 2 spell: Sublimation of Blood
  9259 | D:9      | Learned a level 5 spell: Dispel Undead
  9299 | D:9      | Reached skill level 5 in Shields
  9369 | D:9      | Reached skill level 1 in Charms
  9369 | D:9      | Reached skill level 1 in Necromancy
  9489 | D:9      | Found a white marble altar of Elyvilon.
  9489 | D:9      | Found a shattered altar of Ashenzari.
  9490 | D:9      | Found an iron altar of Okawaru.
  9536 | D:9      | Found a transporter.
  9550 | D:9      | Found a transporter.
  9550 | D:9      | Noticed havocjr3's ghost (novice GnWn)
  9735 | D:9      | Reached XP level 11. HP: 30/76 MP: 5/19
  9905 | D:9      | Noticed a skeletal warrior
 10025 | D:10     | Entered Level 10 of the Dungeon
 10057 | D:10     | Reached **** piety under Kikubaaqudgha
 10204 | D:10     | Noticed a manticore
 10281 | D:10     | Killed a manticore
 10446 | D:10     | Found a radiant altar of Vehumet.
 10643 | D:10     | Reached skill level 5 in Fighting
 10665 | D:10     | Reached skill level 5 in Armour
 10829 | D:11     | Found a flickering gateway to a bazaar.
 10895 | D:11     | Found a blossoming altar of Fedhas.
 10900 | D:11     | Noticed a two-headed ogre
 11064 | D:11     | Noticed a six-headed hydra
 11140 | Bazaar   | Entered a bazaar
 11156 | Bazaar   | Found Tucurejueti's Jewellery Emporium.
 11186 | Bazaar   | Found Cach's Magic Scroll Boutique.
 11265 | Bazaar   | Found Zume's Jewellery Emporium.
 11295 | Bazaar   | Found Buetirr's Jewellery Emporium.
 11350 | Bazaar   | Bought a scroll of identify for 14 gold pieces
 11350 | Bazaar   | Bought a scroll of identify for 14 gold pieces
 11350 | Bazaar   | Bought a scroll of identify for 14 gold pieces
 11386 | Bazaar   | Bought an uncursed amulet of magic regeneration for 420
                  | gold pieces
 11480 | D:11     | Noticed a white ugly thing
 11491 | D:11     | Killed a white ugly thing
 11536 | D:11     | Reached skill level 5 in Necromancy
 11555 | D:11     | Identified a scroll of acquirement
 11621 | D:11     | Noticed a cyclops
 11621 | D:11     | Noticed a cyclops
 11647 | D:11     | Killed a cyclops
 11771 | D:11     | Killed a cyclops
 11943 | D:11     | Got an ichor-stained quarterstaff
 11969 | D:11     | Killed a two-headed ogre
 12449 | D:11     | Identified the +8 quarterstaff of Conversion {antimagic,
                  | rF- rC+ Str+4 Int+3} (You found it on level 11 of the
                  | Dungeon)
 12485 | D:12     | Noticed a brown ugly thing
 12659 | D:12     | Got a slimy large shield
 12675 | D:12     | Identified the cursed -3 large shield "Cidemp" {*Drain rC++
                  | Dex+2} (You found it on level 12 of the Dungeon)
 12871 | D:12     | Killed a brown ugly thing
 12871 | D:12     | Reached XP level 12. HP: 62/86 MP: 11/21
 13023 | D:12     | Reached ***** piety under Kikubaaqudgha
 13216 | D:12     | Found a staircase to the Orcish Mines.
 13495 | Orc:1    | Entered Level 1 of the Orcish Mines
 13508 | Orc:1    | Found Nixzou's Book Shoppe.
 13632 | Orc:1    | Found a flagged portal.
 13675 | Bailey   | Entered a bailey
 14153 | Orc:1    | Learned a level 5 spell: Borgnjor's Vile Clutch
 14249 | Orc:1    | Found Etiyriep's Food Shop.
 14359 | Orc:1    | Noticed an ogre mage
 14363 | Orc:1    | Noticed a two-headed ogre
 14369 | Orc:1    | Noticed a two-headed ogre
 14370 | Orc:1    | Noticed a two-headed ogre
 14379 | Orc:1    | Killed a two-headed ogre
 14379 | Orc:1    | Reached skill level 1 in Earth Magic
 14387 | Orc:1    | Killed an ogre mage
 14387 | Orc:1    | Reached skill level 5 in Dodging
 14391 | Orc:1    | Killed a two-headed ogre
 14397 | Orc:1    | Killed a two-headed ogre
 14436 | Orc:1    | Found a roughly hewn altar of Beogh.
 14740 | Orc:2    | Entered Level 2 of the Orcish Mines
 14740 | Orc:2    | Found Rydiryn's Armour Emporium.
 14740 | Orc:2    | Noticed a two-headed ogre
 14798 | Orc:2    | Found Myutim's Antique Weapon Emporium.
 14798 | Orc:2    | Found Koetheut's Antique Armour Shop.
 14798 | Orc:2    | Noticed a deep troll
 14798 | Orc:2    | Noticed a two-headed ogre
 14798 | Orc:2    | Noticed a two-headed ogre
 14798 | Orc:2    | Noticed a two-headed ogre
 14798 | Orc:2    | Noticed a two-headed ogre
 14798 | Orc:2    | Noticed Donald
 14799 | Orc:2    | Noticed a two-headed ogre
 14848 | Orc:1    | Reached ****** piety under Kikubaaqudgha
 14876 | D:12     | Received a gift from Kikubaaqudgha
 14887 | D:12     | Fell from the grace of Kikubaaqudgha
 15203 | Temple   | Became a worshipper of Gozag Ym Sagoz the Greedy
 15343 | Lair:1   | Entered Level 1 of the Lair of Beasts
 15464 | Lair:1   | Reached XP level 13. HP: 96/96 MP: 22/22
 15555 | Lair:1   | Reached skill level 1 in Evocations
 16037 | Lair:1   | Noticed Nergalle
 16058 | Lair:1   | Killed Nergalle
 16471 | Lair:2   | Noticed Erica
 16510 | Lair:2   | Killed Erica
 16712 | Lair:2   | Noticed Sonja
 16723 | Lair:2   | Killed Sonja
 16816 | Lair:2   | Reached skill level 5 in Earth Magic
 17806 | Lair:3   | Got a pitted cloak
 17812 | Lair:3   | Identified the +4 cloak of the Ward {Regen+ Stlth+} (You
                  | found it on level 3 of the Lair of Beasts)
 18179 | Lair:3   | Was forgiven by Kikubaaqudgha
 18200 | Lair:3   | Gained mutation: You occasionally shout uncontrollably at
                  | your foes. [potion of mutation]
 18200 | Lair:3   | Gained mutation: You have sharp fingernails. [potion of
                  | mutation]
 18200 | Lair:3   | Gained mutation: You do not regenerate when monsters are
                  | visible. [potion of mutation]
 18200 | Lair:3   | Gained mutation: Your mind is acute. (Int +2) [potion of
                  | mutation]
 18201 | Lair:3   | Lost mutation: You do not regenerate when monsters are
                  | visible. [potion of mutation]
 18201 | Lair:3   | Lost mutation: You have sharp fingernails. [potion of
                  | mutation]
 18201 | Lair:3   | Gained mutation: Your movements are slightly less
                  | encumbered by armour. (ER -2) [potion of mutation]
 18201 | Lair:3   | Gained mutation: You expend magic power (3 MP) to
                  | strengthen your wands. [potion of mutation]
 18201 | Lair:3   | Gained mutation: You are agile. (Dex +2) [potion of
                  | mutation]
 18202 | Lair:3   | Lost mutation: You occasionally shout uncontrollably at
                  | your foes. [potion of mutation]
 18202 | Lair:3   | Lost mutation: You expend magic power (3 MP) to strengthen
                  | your wands. [potion of mutation]
 18202 | Lair:3   | Lost mutation: You are agile. (Dex +2) [potion of mutation]
 18202 | Lair:3   | Gained mutation: Scrolls take you a little longer to read.
                  | [potion of mutation]
 18202 | Lair:3   | Gained mutation: You have large cloven feet. [potion of
                  | mutation]
 18252 | Lair:3   | Found a staircase to the Snake Pit.
 18432 | Lair:3   | Found a staircase to the Swamp.
 18432 | Lair:3   | Noticed an eight-headed hydra
 18449 | Lair:3   | Killed an eight-headed hydra
 19057 | Lair:4   | Noticed Rupert
 19074 | Lair:4   | Killed Rupert
 19074 | Lair:4   | Reached XP level 14. HP: 106/106 MP: 0/23
 20384 | Lair:5   | Found a staircase to the Slime Pits.
 20385 | Lair:5   | Found a viscous altar of Jiyva.
 20520 | Lair:5   | Found a runed translucent door.
 20572 | Lair:5   | Reached skill level 10 in Necromancy
 20583 | Lair:5   | Noticed an entropy weaver
 20599 | Lair:5   | Killed an entropy weaver
 20662 | Lair:5   | Noticed an entropy weaver
 20672 | Lair:5   | Killed an entropy weaver
 20696 | Lair:5   | Reached skill level 10 in Earth Magic
 20722 | Lair:5   | Noticed an entropy weaver
 20736 | Lair:5   | Killed an entropy weaver
 20786 | Lair:5   | Noticed an entropy weaver
 20797 | Lair:5   | Killed an entropy weaver
 21092 | Lair:6   | Entered Level 6 of the Lair of Beasts
 21435 | Lair:6   | Found a large runed translucent door.
 21435 | Lair:6   | Found a large runed translucent door.
 21438 | Lair:6   | Noticed kalagan's ghost (journeyman DESu)
 21449 | Lair:6   | Reached XP level 15. HP: 97/112 MP: 6/24
 21697 | Lair:6   | Found a large runed translucent door.
 21697 | Lair:6   | Found a large runed translucent door.
 21813 | Lair:6   | Noticed Josephine
 21820 | Lair:6   | Killed Josephine
 22027 | Lair:6   | Reached skill level 5 in Evocations
 22421 | Lair:6   | Killed kalagan's ghost
 22796 | D:9      | Killed havocjr3's ghost
 23178 | Orc:1    | Killed Donald
 23619 | D:13     | Noticed Urug
 23628 | D:13     | Killed Urug
 23886 | D:13     | Noticed a purple very ugly thing
 23899 | D:13     | Killed a purple very ugly thing
 24098 | D:14     | Found a frozen archway.
 24141 | D:14     | Reached XP level 16. HP: 114/122 MP: 22/27
 24164 | D:14     | Reached skill level 10 in Fighting
 24282 | IceCv    | Entered an ice cave
 24828 | IceCv    | Identified the +3 great sword of Irritation {speed, +Fly
                  | rElec MP+9 Int+5}
 24828 | IceCv    | Noticed a frost giant
 24835 | IceCv    | Killed a frost giant
 25261 | D:14     | Found a gate to the Vaults.
 25591 | D:14     | Found a runed translucent door.
 25592 | D:14     | Found the +2 shield of Resistance {rF+ rC+ MR+}
 25662 | D:14     | Found a runed translucent door.
 26014 | D:15     | Entered Level 15 of the Dungeon
 26099 | D:15     | Found the ring of Shadows {Umbra +Inv Stlth+}
 26211 | D:15     | Found a staircase to the Depths.
 27163 | Orc:2    | Reached XP level 17. HP: 101/128 MP: 20/29
 27194 | Orc:2    | Found a staircase to the Elven Halls.
 27655 | Orc:2    | Noticed Saint Roka
 27675 | Orc:2    | Killed Saint Roka
 27735 | Orc:2    | Found Pausido's Distillery.
 27736 | Orc:2    | Found Eteyxar's General Store.
 27738 | Orc:2    | Bought a scorched glaive for 345 gold pieces
 27743 | Orc:2    | Bought a pair of runed gloves for 210 gold pieces
 27754 | Orc:2    | Identified the +9 glaive of Xaed Jesk {distort, +Inv rF++
                  | Stlth+} (You bought it in a shop on level 2 of the Orcish
                  | Mines)
 27975 | Orc:2    | Bought a scroll of summoning for 142 gold pieces
 27975 | Orc:2    | Bought the ring "Foid" {rC+ MR+ Int+3 Dex+4} for 784 gold
                  | pieces
 27997 | Orc:2    | Bought a potion of mutation for 144 gold pieces
 27997 | Orc:2    | Bought a potion of cancellation for 144 gold pieces
 27997 | Orc:2    | Bought a potion of ambrosia for 144 gold pieces
 27997 | Orc:2    | Bought a potion of agility for 72 gold pieces
 27997 | Orc:2    | Bought 2 potions of agility for 144 gold pieces
 27997 | Orc:2    | Bought a potion of invisibility for 144 gold pieces
 27997 | Orc:2    | Bought a potion of curing for 54 gold pieces
 28247 | D:8      | Lost mutation: Scrolls take you a little longer to read.
                  | [potion of mutation]
 28247 | D:8      | Lost mutation: You have large cloven feet. [potion of
                  | mutation]
 28247 | D:8      | Lost mutation: Your mind is acute. (Int +2) [potion of
                  | mutation]
 28247 | D:8      | Gained mutation: You are partially covered in slimy green
                  | scales. (AC +2) [potion of mutation]
 28247 | D:8      | Gained mutation: You are covered in fur. (AC +1) [potion of
                  | mutation]
 28247 | D:8      | Gained mutation: Your body sometimes deteriorates upon
                  | taking damage. [potion of mutation]
 28247 | D:8      | Gained mutation: You have a beak for a mouth. [potion of
                  | mutation]
 28318 | Snake:1  | Entered Level 1 of the Snake Pit
 28340 | Snake:1  | Reached skill level 5 in Polearms
 28382 | Snake:1  | Reached skill level 15 in Necromancy
 28860 | Snake:2  | Noticed Vashnia
 28891 | Snake:2  | Killed Vashnia
 29111 | Snake:2  | Reached skill level 10 in Spellcasting
 29196 | Snake:2  | Noticed Azrael
 29202 | Snake:2  | Killed Azrael
 29202 | Snake:2  | Reached XP level 18. HP: 118/134 MP: 23/32
 29474 | Snake:2  | Noticed Asterion
 29476 | Snake:2  | Noticed Nikola
 29481 | Snake:2  | Killed Asterion
 29492 | Snake:2  | Killed Nikola
 29787 | Snake:2  | Learned a level 2 spell: Passwall
 29793 | Snake:2  | Learned a level 5 spell: Lee's Rapid Deconstruction
 29802 | Snake:2  | Learned a level 8 spell: Necromutation
 30370 | Snake:4  | Entered Level 4 of the Snake Pit
 30547 | Snake:4  | Found Ymocaemy's Antique Armour Shoppe.
 31058 | Snake:4  | Reached XP level 19. HP: 104/140 MP: 29/34
 31283 | Snake:4  | Got an ancient cloak
 31331 | Snake:4  | Got a serpentine rune of Zot
 31487 | Snake:4  | Identified the +2 cloak of Dokog {rC+ Int+4 Dex-4} (You
                  | found it on level 4 of the Snake Pit)
 31605 | Swamp:1  | Entered Level 1 of the Swamp
 31656 | Swamp:1  | Reached skill level 1 in Transmutations
 32680 | Swamp:2  | Reached skill level 5 in Transmutations
 32935 | Swamp:2  | Found a shadowy altar of Dithmenos.
 33901 | Swamp:4  | Entered Level 4 of the Swamp
 34034 | Swamp:4  | Reached skill level 10 in Shields
 34092 | Swamp:4  | Reached XP level 20. HP: 142/149 MP: 18/35
 34930 | Swamp:4  | Reached skill level 10 in Armour
 34945 | Swamp:4  | Got a decaying rune of Zot
 35358 | Vaults:1 | Entered Level 1 of the Vaults
 35790 | Vaults:1 | Got an ancient dagger
 36051 | Vaults:1 | Reached skill level 10 in Transmutations
 36228 | Vaults:1 | Found Beips's Distillery.
 36236 | Vaults:1 | Bought a potion of ambrosia for 120 gold pieces
 36236 | Vaults:1 | Bought a potion of magic for 120 gold pieces
 36236 | Vaults:1 | Bought a potion of agility for 60 gold pieces
 36236 | Vaults:1 | Bought a potion of cancellation for 120 gold pieces
 36236 | Vaults:1 | Bought a potion of heal wounds for 75 gold pieces
 36978 | Vaults:2 | Noticed Jory
 36984 | Vaults:2 | Killed Jory
 37055 | Vaults:2 | Found a staircase to the Crypt.
 37268 | Vaults:2 | Reached XP level 21. HP: 74/156 MP: 29/36
 37776 | Vaults:3 | Noticed Aizul
 37787 | Vaults:3 | Killed Aizul
 38459 | Vaults:3 | Reached skill level 15 in Transmutations
 39978 | Vaults:4 | Reached XP level 22. HP: 163/163 MP: 32/37
 40726 | Vaults:5 | Entered Level 5 of the Vaults
 40878 | D:14     | Identified the +5 dagger of Salt {pierce, rN+} (You found
                  | it on level 1 of the Vaults)
 40918 | D:14     | Lost mutation: Your body sometimes deteriorates upon taking
                  | damage. [potion of mutation]
 40918 | D:14     | Lost mutation: You are partially covered in slimy green
                  | scales. (AC +2) [potion of mutation]
 40918 | D:14     | Lost mutation: Your movements are slightly less encumbered
                  | by armour. (ER -2) [potion of mutation]
 40918 | D:14     | Gained mutation: You evolve. [potion of mutation]
 40918 | D:14     | Gained mutation: You are partially covered in icy blue
                  | scales. (AC +2) [potion of mutation]
 41002 | Elf:1    | Entered Level 1 of the Elven Halls
 41003 | Elf:1    | Gained mutation: You expend magic power (3 MP) to
                  | strengthen your wands. [evolution]
 42004 | Elf:2    | Found Pewkanu's Distillery.
 42017 | Elf:2    | Bought a potion of curing for 42 gold pieces
 42017 | Elf:2    | Bought a potion of curing for 42 gold pieces
 42017 | Elf:2    | Bought a potion of heal wounds for 70 gold pieces
 42017 | Elf:2    | Bought a potion of ambrosia for 112 gold pieces
 42017 | Elf:2    | Bought a potion of might for 56 gold pieces
 42260 | Elf:2    | Found a runed translucent gate.
 42260 | Elf:2    | Found a runed translucent gate.
 42274 | Elf:2    | Found a runed translucent gate.
 42667 | Elf:2    | Learned a level 9 spell: Shatter
 42929 | Elf:3    | Entered Level 3 of the Elven Halls
 42966 | Elf:3    | Found Yraeris's Magic Scroll Boutique.
 42974 | Elf:3    | Bought a scroll of enchant armour for 97 gold pieces
 42974 | Elf:3    | Bought a scroll of identify for 26 gold pieces
 42974 | Elf:3    | Bought a scroll of fog for 26 gold pieces
 42974 | Elf:3    | Bought a scroll of magic mapping for 45 gold pieces
 42974 | Elf:3    | Bought a scroll of magic mapping for 45 gold pieces
 43450 | Elf:3    | Reached XP level 23. HP: 161/169 MP: 19/40
 43462 | Elf:3    | Reached skill level 15 in Earth Magic
 43697 | Elf:3    | Found the +0 pair of fencer's gloves {Riposte Dex+3}
 43718 | Elf:3    | Identified Emobeuc's Reference Book on Mutagenic Aid
 43723 | Elf:3    | Got a slimy lead amulet
 43742 | Elf:3    | Identified the Almanac of Damaging Heat
 43768 | Elf:3    | Identified the Incunabulum of Burning Companions
 43834 | Elf:3    | Identified the Incunabulum of the Amoeba
 44003 | Elf:3    | Identified the amulet of Bariule {*Slow Regen+ Str+10} (You
                  | found it on level 3 of the Elven Halls)
 44013 | Elf:3    | Got a twisted scale mail
 44015 | Elf:3    | Got a garnet-encrusted leather armour
 44017 | Elf:3    | Got a pair of translucent boots
 44040 | Elf:3    | Identified the +1 scale mail of the Slightly Bent {MR+}
                  | (You found it on level 3 of the Elven Halls)
 44051 | Elf:3    | Identified the +2 leather armour "Huxaf" {Regen+ SInv} (You
                  | found it on level 3 of the Elven Halls)
 44067 | Elf:3    | Identified the +2 pair of boots "Anorgh" {Dex+5} (You found
                  | it on level 3 of the Elven Halls)
 44070 | Elf:3    | Got an encrusted chain mail
 44076 | Elf:3    | Identified the cursed +1 chain mail "Afyleim" {rPois Str+2
                  | Slay+3} (You found it on level 3 of the Elven Halls)
 44490 | Crypt:1  | Entered Level 1 of the Crypt
 44490 | Crypt:1  | Noticed Sojobo
 44527 | Crypt:1  | Killed Sojobo
 44616 | Crypt:1  | Noticed Bai Suzhen
 44630 | Crypt:1  | Killed Bai Suzhen
 44916 | Crypt:1  | Noticed Margery
 44940 | Crypt:1  | Killed Margery
 45549 | Crypt:2  | Reached XP level 24. HP: 175/175 MP: 36/40
 45649 | Crypt:2  | Identified the cursed +1 short sword of Mutilation {drain,
                  | +Blink rElec Int+2}
 45743 | Crypt:2  | Noticed Mara
 45766 | Crypt:2  | Noticed DildoBatman's illusion
 45766 | Crypt:2  | Killed Mara
 46208 | Crypt:3  | Entered Level 3 of the Crypt
 46701 | Crypt:3  | Found an ancient bone altar of Kikubaaqudgha.
 46801 | Crypt:3  | Got a smoking cloak
 47493 | Crypt:3  | Found a staircase to the Tomb.
 47564 | Crypt:3  | Reached XP level 25. HP: 131/181 MP: 26/40
 47704 | Tomb:1   | Entered Level 1 of the Tomb of the Ancients
 48249 | Tomb:1   | Lost mutation: You evolve. [evolution]
 48272 | Tomb:1   | Lost mutation: You expend magic power (3 MP) to strengthen
                  | your wands. [potion of mutation]
 48272 | Tomb:1   | Gained mutation: Your movements are slightly less
                  | encumbered by armour. (ER -2) [potion of mutation]
 48272 | Tomb:1   | Gained mutation: You passively map a small area around you.
                  | [potion of mutation]
 48272 | Tomb:1   | Gained mutation: You evolve. [potion of mutation]
 48272 | Tomb:1   | Gained mutation: You rapidly evolve. [potion of mutation]
 48322 | Tomb:1   | Noticed a greater mummy
 48416 | Tomb:1   | Killed a greater mummy
 48871 | Tomb:1   | Noticed a greater mummy
 48873 | Tomb:1   | Noticed a greater mummy
 48873 | Tomb:1   | Noticed a greater mummy
 48873 | Tomb:1   | Noticed a greater mummy
 48873 | Tomb:1   | Noticed a greater mummy
 48873 | Tomb:1   | Noticed a greater mummy
 48873 | Tomb:1   | Noticed a greater mummy
 48873 | Tomb:1   | Noticed a greater mummy
 48873 | Tomb:1   | Noticed a greater mummy
 48873 | Tomb:1   | Noticed a greater mummy
 48880 | Tomb:1   | Killed a greater mummy
 48880 | Tomb:1   | Killed a greater mummy
 48880 | Tomb:1   | Killed a greater mummy
 48880 | Tomb:1   | Noticed a greater mummy
 48881 | Tomb:1   | Killed a greater mummy
 48881 | Tomb:1   | Killed a greater mummy
 48881 | Tomb:1   | Killed a greater mummy
 48881 | Tomb:1   | Killed a greater mummy
 48881 | Tomb:1   | Noticed a greater mummy
 48884 | Tomb:1   | Noticed a greater mummy
 48885 | Tomb:1   | Killed a greater mummy
 48886 | Tomb:1   | Killed a greater mummy
 48887 | Tomb:1   | Killed a greater mummy
 48887 | Tomb:1   | Reached XP level 26. HP: 69/188 MP: 11/40
 48888 | Tomb:1   | Killed a greater mummy
 48888 | Tomb:1   | Killed a greater mummy
 48888 | Tomb:1   | Killed a greater mummy
 48977 | Tomb:1   | Noticed a greater mummy
 48985 | Tomb:1   | Killed a greater mummy
 49046 | Tomb:1   | Noticed a greater mummy
 49065 | Tomb:1   | Killed a greater mummy
 49076 | Tomb:1   | Noticed a greater mummy
 49083 | Tomb:1   | Killed a greater mummy
 49122 | Tomb:1   | Noticed a greater mummy
 49124 | Tomb:1   | Noticed a greater mummy
 49126 | Tomb:1   | Noticed a greater mummy
 49127 | Tomb:1   | Noticed a greater mummy
 49131 | Tomb:1   | Killed a greater mummy
 49133 | Tomb:1   | Killed a greater mummy
 49133 | Tomb:1   | Killed a greater mummy
 49133 | Tomb:1   | Killed a greater mummy
 49154 | Tomb:1   | Learned a level 9 spell: Tornado
 49318 | Tomb:1   | Identified the cursed -4 cloak of Birui {rPois Str+4 Dex+2}
                  | (You found it on level 3 of the Crypt)
 49470 | Tomb:2   | Noticed a greater mummy
 49481 | Tomb:2   | Killed a greater mummy
 49483 | Tomb:2   | Noticed a greater mummy
 49606 | Tomb:2   | Noticed a greater mummy
 49607 | Tomb:2   | Noticed a greater mummy
 49709 | Tomb:2   | Killed a greater mummy
 49710 | Tomb:2   | Killed a greater mummy
 49787 | Tomb:2   | Killed a greater mummy
 49923 | Tomb:2   | Learned a level 3 spell: Ozocubu's Armour
 50709 | Vaults:5 | Reached skill level 1 in Ice Magic
 50710 | Vaults:5 | Reached XP level 27. HP: 174/197 MP: 22/40
 50710 | Vaults:5 | Reached skill level 5 in Charms
 50722 | Vaults:5 | Reached skill level 5 in Air Magic
 50861 | Vaults:4 | Reached skill level 5 in Ice Magic
 51181 | Vaults:5 | Noticed an ancient lich
 51186 | Vaults:5 | Killed an ancient lich
 51660 | Vaults:5 | Got a sapphire rapier
 51819 | Vaults:5 | Got a silver rune of Zot
 51821 | Vaults:5 | Got a smoking flail
 51967 | Vaults:5 | Found Qosujozu's Book Emporium.
 52024 | Vaults:5 | Bought a manual of Shields for 2318 gold pieces
 52053 | Vaults:5 | Got a bloodstained hand axe
 52250 | Vaults:5 | Identified the +3 rapier of Biclu {vamp, rN+ Int+2} (You
                  | found it on level 5 of the Vaults)
 52254 | Vaults:5 | Identified the cursed +1 flail "Nisuof" {venom, rPois rF++
                  | Dex+5} (You found it on level 5 of the Vaults)
 52259 | Vaults:5 | Identified the cursed +1 hand axe "Hydrabane" {speed, Int+3
                  | Dex+3} (You found it on level 5 of the Vaults)
 52567 | Tomb:3   | Entered Level 3 of the Tomb of the Ancients
 52581 | Tomb:3   | Reached skill level 15 in Shields
 52583 | Tomb:3   | Noticed Mennas
 52586 | Tomb:3   | Noticed an ancient lich
 52586 | Tomb:3   | Noticed a greater mummy
 52587 | Tomb:3   | Noticed a greater mummy
 52590 | Tomb:3   | Noticed an ancient lich
 52591 | Tomb:3   | Killed an ancient lich
 52591 | Tomb:3   | Noticed a greater mummy
 52591 | Tomb:3   | Noticed a greater mummy
 52625 | Tomb:2   | Killed Mennas
 52696 | Tomb:3   | Noticed a greater mummy
 52697 | Tomb:3   | Noticed Khufu
 52699 | Tomb:3   | Noticed a greater mummy
 52701 | Tomb:3   | Killed an ancient lich
 52709 | Tomb:3   | Killed a greater mummy
 52709 | Tomb:3   | Killed a greater mummy
 52709 | Tomb:3   | Reached skill level 10 in Air Magic
 52709 | Tomb:3   | Killed a greater mummy
 52709 | Tomb:3   | Killed a greater mummy
 52710 | Tomb:3   | Killed Khufu
 52714 | Tomb:3   | Killed a greater mummy
 52725 | Tomb:3   | Killed a greater mummy
 52928 | Tomb:3   | Got a brightly glowing amethyst amulet
 52929 | Tomb:3   | Identified Sif Muna's Handbook of Shape Shifting
 52932 | Tomb:3   | Got a wavering pewter ring
 52967 | Tomb:3   | Got a slimy jade amulet
 53206 | Tomb:3   | Identified the amulet "Teoth" {Acrobat rC- rN+ Int+6} (You
                  | found it on level 3 of the Tomb of the Ancients)
 53210 | Tomb:3   | Identified the ring "Baluw" {rN+ AC+2} (You found it on
                  | level 3 of the Tomb of the Ancients)
 53216 | Tomb:3   | Identified the amulet "Jetaeset" {Faith MR+ Int+3} (You
                  | found it on level 3 of the Tomb of the Ancients)
 53263 | Tomb:3   | Got a bloodstained falchion
 53269 | Tomb:3   | Got a slimy robe
 53276 | Tomb:3   | Got a slimy great sword
 53288 | Tomb:3   | Identified the +7 great sword of Qazlal's Reproof {freeze,
                  | rN+ Dex+5} (You found it on level 3 of the Tomb of the
                  | Ancients)
 53290 | Tomb:3   | Identified the +8 falchion of the Silent Majority {slice,
                  | +Fly rN+++ Int+4 Dex-4} (You found it on level 3 of the
                  | Tomb of the Ancients)
 53304 | Tomb:3   | Identified the +1 robe of Magic {MR++} (You found it on
                  | level 3 of the Tomb of the Ancients)
 53378 | Tomb:3   | Got a golden rune of Zot
 53438 | Tomb:3   | Got a pitted quarterstaff
 53439 | Tomb:3   | Identified the +10 quarterstaff of Omasuih {flame, rPois
                  | Str+2 Dex+4 Stlth-} (You found it on level 3 of the Tomb of
                  | the Ancients)
 54122 | D:15     | Learned a level 6 spell: Statue Form
 54129 | D:15     | Learned a level 6 spell: Darkness
 54148 | D:15     | Got an ichor-stained large shield
 54159 | D:15     | Identified the +3 large shield of Supple Strength {Int+2}
                  | (You acquired it on level 15 of the Dungeon)
 54184 | Zig:1    | Entered Level 1 of a ziggurat
 54210 | Zig:2    | Entered Level 2 of a ziggurat
 54211 | Zig:2    | Reached skill level 1 in Hexes
 54229 | Zig:2    | Identified Nelyc's Catalogue of Mutagenic Flight
 54252 | Zig:3    | Entered Level 3 of a ziggurat
 54305 | Zig:4    | Entered Level 4 of a ziggurat
 54329 | Zig:4    | Got a steaming silver amulet
 54362 | Zig:5    | Entered Level 5 of a ziggurat
 54439 | Zig:5    | Identified a +0 pair of boots of running (You found it on
                  | level 5 of a ziggurat)
 54450 | Zig:5    | Identified the amulet of Beig {Harm *Drain MR- Dex+9} (You
                  | found it on level 4 of a ziggurat)
 54461 | Zig:6    | Entered Level 6 of a ziggurat
 54475 | Zig:6    | Reached skill level 5 in Hexes
 54493 | Zig:6    | Identified the Volume of Weightlessness
 54533 | Zig:7    | Entered Level 7 of a ziggurat
 54537 | Zig:7    | Noticed an ancient lich
 54540 | Zig:7    | Noticed an ancient lich
 54543 | Zig:7    | Killed an ancient lich
 54544 | Zig:7    | Killed an ancient lich
 54588 | Zig:7    | Got a crystal great sword
 54591 | Zig:7    | Got a transparent scimitar
 54593 | Zig:7    | Identified the cursed +1 great sword of Vithiu {slice,
                  | -Tele rN+ Int+2} (You found it on level 7 of a ziggurat)
 54596 | Zig:7    | Identified the +7 scimitar of Generosity {slice, MR+ Str+2}
                  | (You found it on level 7 of a ziggurat)
 54614 | Zig:8    | Entered Level 8 of a ziggurat
 54659 | Zig:8    | Got a smoking silver amulet
 54693 | Zig:8    | Got a blackened trident
 54695 | Zig:8    | Got an encrusted ring mail
 54700 | Zig:8    | Identified the +3 trident of Quantum Leap {freeze, rElec
                  | Str+4 Int-3} (You found it on level 8 of a ziggurat)
 54712 | Zig:8    | Identified the +4 ring mail of Xattyiq {rElec MR+ Str+3}
                  | (You found it on level 8 of a ziggurat)
 54731 | Zig:8    | Identified the amulet "Kaij" {Inacc rC- Int+4 Dex+7} (You
                  | found it on level 8 of a ziggurat)
 54754 | Zig:9    | Entered Level 9 of a ziggurat
 54770 | Zig:9    | Gained mutation: You are weak. (Str -2) [a shining eye]
 54771 | Zig:9    | Gained mutation: Armour fits poorly on your strangely
                  | shaped body. [a shining eye]
 54773 | Zig:9    | Gained mutation: You are frail. (-10% HP) [a shining eye]
 54775 | Zig:9    | Gained mutation: Your body sometimes deteriorates upon
                  | taking damage. [a shining eye]
 54776 | Zig:9    | Gained mutation: You are dopey. (Int -2) [a shining eye]
 54778 | Zig:9    | Gained mutation: Your magical capacity is low. (-10% MP) [a
                  | shining eye]
 54806 | Zig:9    | Identified the Almanac of Earth and Heat
 54835 | Zig:9    | Got an ancient trident
 54843 | Zig:9    | Identified the +1 trident "Leffoib" {holy, rN+} (You found
                  | it on level 9 of a ziggurat)
 54852 | Zig:9    | Lost mutation: You are dopey. (Int -2) [potion of mutation]
 54852 | Zig:9    | Lost mutation: Your body sometimes deteriorates upon taking
                  | damage. [potion of mutation]
 54852 | Zig:9    | Lost mutation: You are weak. (Str -2) [potion of mutation]
 54852 | Zig:9    | Lost mutation: You are partially covered in icy blue
                  | scales. (AC +2) [potion of mutation]
 54852 | Zig:9    | Gained mutation: Your flesh is heat resistant. (rF+)
                  | [potion of mutation]
 54852 | Zig:9    | Gained mutation: You have sharp toenails. [potion of
                  | mutation]
 54853 | Zig:9    | Lost mutation: You passively map a small area around you.
                  | [potion of mutation]
 54853 | Zig:9    | Lost mutation: You are frail. (-10% HP) [potion of
                  | mutation]
 54853 | Zig:9    | Lost mutation: You have sharp toenails. [potion of
                  | mutation]
 54853 | Zig:9    | Gained mutation: Your body sometimes deteriorates upon
                  | taking damage. [potion of mutation]
 54853 | Zig:9    | Gained mutation: Your mind is acute. (Int +2) [potion of
                  | mutation]
 54877 | Zig:10   | Entered Level 10 of a ziggurat
 55000 | Zig:10   | Got a scorched shortbow
 55005 | Zig:10   | Identified the +9 shortbow "Undertaker" {freeze, rPois}
                  | (You found it on level 10 of a ziggurat)
 55027 | Zig:11   | Entered Level 11 of a ziggurat
 55043 | Zig:11   | Reached skill level 10 in Hexes
 55103 | Zig:11   | Got a scintillating copper ring
 55150 | Zig:11   | Got a jewelled plate armour
 55167 | Zig:11   | Identified the +3 plate armour "Otsej" {MR+ Str+3} (You
                  | found it on level 11 of a ziggurat)
 55181 | Zig:11   | Identified the ring of Pragmatism {rElec rPois rF+ rN+}
                  | (You found it on level 11 of a ziggurat)
 55194 | Zig:11   | Got a faintly glowing great sword
 55198 | Zig:11   | Got a smoking plate armour
 55203 | Zig:11   | Identified the +7 great sword "Ranul" {freeze, Str+6 Dex-3}
                  | (You found it on level 11 of a ziggurat)
 55215 | Zig:11   | Identified the cursed +1 plate armour of Goheob {rN+} (You
                  | found it on level 11 of a ziggurat)
 55231 | Zig:11   | Lost mutation: Your magical capacity is low. (-10% MP)
                  | [potion of mutation]
 55231 | Zig:11   | Lost mutation: Your body sometimes deteriorates upon taking
                  | damage. [potion of mutation]
 55231 | Zig:11   | Lost mutation: Your mind is acute. (Int +2) [potion of
                  | mutation]
 55231 | Zig:11   | Gained mutation: You are partially covered in iridescent
                  | scales. (AC +2) [potion of mutation]
 55245 | Zig:12   | Entered Level 12 of a ziggurat
 55275 | Zig:12   | Identified Hivuedut's Grimoire of Venom and Confrontation
 55285 | Zig:12   | Got a glittering silver ring
 55299 | Zig:12   | Got a steaming tin amulet
 55340 | Zig:12   | Got a pair of translucent boots
 55343 | Zig:12   | Got an ancient scimitar
 55345 | Zig:12   | Identified the +6 scimitar of Twilight {drain, *Noise rC+
                  | Stlth+} (You found it on level 12 of a ziggurat)
 55358 | Zig:12   | Identified the +0 pair of boots of Pelief {Str+3 Int+2}
                  | (You found it on level 12 of a ziggurat)
 55370 | Zig:12   | Identified the ring "Toghuu" {rN+ Int+8} (You found it on
                  | level 12 of a ziggurat)
 55372 | Zig:12   | Identified the amulet "Zanog" {+Rage Str+4} (You found it
                  | on level 12 of a ziggurat)
 55384 | Zig:13   | Entered Level 13 of a ziggurat
 55396 | Zig:13   | Found the +2 pair of boots of the Assassin {Detection Stab+
                  | Stlth++}
 55396 | Zig:13   | Found the +7 Spriggan's Knife {stab, EV+4 Stlth+}
 55397 | Zig:13   | Reached skill level 15 in Air Magic
 55534 | Zig:13   | Got a transparent leather armour
 55554 | Zig:13   | Identified the cursed +0 leather armour "Qolohyrgh" {Dex+2}
                  | (You found it on level 13 of a ziggurat)
 55573 | Zig:14   | Entered Level 14 of a ziggurat
 55676 | Zig:14   | Found the brooch of Shielding {Reflect SH+8}
 55741 | Zig:14   | Got an encrusted arbalest
 55749 | Zig:14   | Identified the cursed +0 arbalest of the Wraith {flame, MR+
                  | Int+2 Dex-2} (You found it on level 14 of a ziggurat)
 55757 | Zig:14   | Got a blackened ring mail
 55768 | Zig:14   | Identified the cursed +1 ring mail of Melancholy {rElec
                  | rPois Dex-5 Stlth-} (You found it on level 14 of a
                  | ziggurat)
 55786 | Zig:14   | Got a pair of ichor-stained boots
 55797 | Zig:14   | Identified the +0 pair of boots of Impressiveness {rF+
                  | Str-4 Int+3} (You acquired it on level 14 of a ziggurat)
 55811 | Zig:15   | Entered Level 15 of a ziggurat
 55830 | Zig:15   | Found the amulet of the Four Winds {rN+ MR+++ Clar}
 55934 | Zig:15   | Identified The Arcane Arts Continued
 55992 | Zig:16   | Entered Level 16 of a ziggurat
 56016 | Zig:16   | Identified the +3 large shield "Ygyufuz" {rN+ MR- Regen+}
 56026 | Zig:16   | HP: 9/197 [pearl dragon (14)]
 56175 | Zig:16   | Got a steaming quarterstaff
 56177 | Zig:16   | Identified the +1 quarterstaff of Forced Transition {venom,
                  | rC+ Dex+4} (You found it on level 16 of a ziggurat)
 56182 | Zig:16   | Got a twisted troll leather armour
 56194 | Zig:16   | Identified the cursed +0 troll leather armour of the Moon
                  | Troll {rC- Regen+ Dex+3} (You found it on level 16 of a
                  | ziggurat)
 56214 | Zig:17   | Entered Level 17 of a ziggurat
 56232 | Zig:17   | Noticed a shard shrike
 56232 | Zig:17   | Noticed a shard shrike
 56233 | Zig:17   | Found the +3 hat of Pondering {ponderous, MR+ MP+10 Int+5}
 56233 | Zig:17   | Noticed a shard shrike
 56233 | Zig:17   | Noticed a shard shrike
 56234 | Zig:17   | Noticed a shard shrike
 56234 | Zig:17   | Noticed a shard shrike
 56234 | Zig:17   | Noticed a shard shrike
 56240 | Zig:17   | Killed a shard shrike
 56241 | Zig:17   | Killed a shard shrike
 56241 | Zig:17   | Killed a shard shrike
 56243 | Zig:17   | Killed a shard shrike
 56246 | Zig:17   | Killed a shard shrike
 56247 | Zig:17   | Killed a shard shrike
 56247 | Zig:17   | Killed a shard shrike
 56415 | Zig:17   | Got a slimy scale mail
 56426 | Zig:17   | Identified the +3 scale mail of Vehumet's Scorn {rF++} (You
                  | found it on level 17 of a ziggurat)
 56456 | Zig:17   | Gained mutation: You occasionally shout uncontrollably at
                  | your foes. [evolution]
 56472 | Zig:18   | Entered Level 18 of a ziggurat
 56633 | Zig:18   | Identified the Incunabulum of Ointment
 56725 | Zig:19   | Entered Level 19 of a ziggurat
 56871 | Zig:19   | Identified the Almanac of Darkness and Heat
 56877 | Zig:19   | Got a clouded tin amulet
 56973 | Zig:19   | Got a dazzling longbow
 56974 | Zig:19   | Identified the +6 longbow of Causality {flame, rC+ MR++
                  | Str+3 Stlth+} (You found it on level 19 of a ziggurat)
 56987 | Zig:20   | Entered Level 20 of a ziggurat
 57002 | Zig:20   | Identified the amulet "Duapsicop" {Reflect MR+ SH+3 Stlth+}
                  | (You found it on level 19 of a ziggurat)
 57068 | Zig:20   | Identified Sif Muna's Almanac of Virous Fire
 57286 | Zig:21   | Entered Level 21 of a ziggurat
 57326 | Zig:21   | Reached skill level 15 in Fighting
 57522 | Zig:21   | Got a clouded bronze ring
 57536 | Zig:21   | Got a clouded lapis lazuli ring
 57645 | Zig:21   | Got an ancient chain mail
 57647 | Zig:21   | Got a twisted morningstar
 57649 | Zig:21   | Got a brightly glowing shortbow
 57652 | Zig:21   | Got a transparent leather armour
 57654 | Zig:21   | Got a polished rapier
 57657 | Zig:21   | Got a dull robe
 57660 | Zig:21   | Got a polished hand axe
 57668 | Zig:21   | Identified the +0 morningstar "Spiderbane" {crush, -Tele
                  | +Fly rC+ Dex+10} (You found it on level 21 of a ziggurat)
 57670 | Zig:21   | Identified the +8 shortbow "Axaxusuy" {venom, Int+6 Dex+2}
                  | (You found it on level 21 of a ziggurat)
 57672 | Zig:21   | Identified the +3 rapier of Vengeance {drain, +Inv} (You
                  | found it on level 21 of a ziggurat)
 57674 | Zig:21   | Identified the cursed +3 hand axe "Zasi" {protect, Stlth+}
                  | (You found it on level 21 of a ziggurat)
 57688 | Zig:21   | Identified the +5 chain mail of Mumblety Peg {rPois MR+
                  | rCorr Dex-5} (You found it on level 21 of a ziggurat)
 57699 | Zig:21   | Identified the cursed +0 leather armour "Nyhiroso" {*Drain
                  | Dex+5} (You found it on level 21 of a ziggurat)
 57711 | Zig:21   | Identified the cursed +1 robe of the Leaf {+Fly MP+9 Str-2}
                  | (You found it on level 21 of a ziggurat)
 57726 | Zig:21   | Identified the ring "Nimpim" {Str+4 Int+4 Slay+2} (You
                  | found it on level 21 of a ziggurat)
 57729 | Zig:21   | Identified the ring "Urche" {rPois MR+ MP+9} (You found it
                  | on level 21 of a ziggurat)
 57770 | Zig:22   | Entered Level 22 of a ziggurat
 57802 | Zig:22   | Noticed an ancient lich
 57809 | Zig:22   | Noticed an ancient lich
 57812 | Zig:22   | Noticed an ancient lich
 57813 | Zig:22   | Killed an ancient lich
 57813 | Zig:22   | Reached skill level 10 in Evocations
 57815 | Zig:22   | Noticed an ancient lich
 57818 | Zig:22   | Killed an ancient lich
 57827 | Zig:22   | Killed an ancient lich
 57830 | Zig:22   | Noticed an ancient lich
 57836 | Zig:22   | Killed an ancient lich
 57837 | Zig:22   | Killed an ancient lich
 57971 | Zig:22   | Got a smoking iron ring
 58031 | Zig:22   | Got a faintly glowing scimitar
 58033 | Zig:22   | Got an ancient falchion
 58035 | Zig:22   | Got a polished plate armour
 58046 | Zig:22   | Identified the +5 scimitar of Suuriokh {drain, +Inv rElec}
                  | (You found it on level 22 of a ziggurat)
 58048 | Zig:22   | Identified the cursed +2 falchion "Lenguoha" {flame, rF-
                  | rC+ Int+4} (You found it on level 22 of a ziggurat)
 58061 | Zig:22   | Identified the +6 plate armour of the Slorg {rPois} (You
                  | found it on level 22 of a ziggurat)
 58070 | Zig:22   | Got a faintly humming chain mail
 58072 | Zig:22   | Got a polished scale mail
 58087 | Zig:22   | Identified the cursed +0 chain mail of Divine Intervention
                  | {rC+ Str+3} (You found it on level 22 of a ziggurat)
 58099 | Zig:22   | Identified the +6 scale mail of Zuzeckewn {MR+} (You found
                  | it on level 22 of a ziggurat)
 58112 | Zig:22   | Identified the ring "Puitumas" {+Fly rElec rF++ rC- Dex+4}
                  | (You found it on level 22 of a ziggurat)
 58145 | Zig:23   | Entered Level 23 of a ziggurat
 58408 | Zig:23   | Identified Juicwe Rete's Grimoire of Fire and Sinister
                  | Rites
 58500 | Zig:23   | Got an encrusted fustibalus
 58512 | Zig:23   | Identified the cursed +1 fustibalus of Yesterday {venom,
                  | Int+2} (You found it on level 23 of a ziggurat)
 58527 | Zig:23   | Got a bone broad axe
 58530 | Zig:23   | Got a bronze leather armour
 58537 | Zig:23   | Got a polished arbalest
 58554 | Zig:23   | Identified the +1 leather armour of Xoguv {-Cast rElec rC+}
                  | (You found it on level 23 of a ziggurat)
 58560 | Zig:23   | Identified the cursed +2 broad axe "Plog" {antimagic, rF+
                  | MP+9 Dex+3} (You found it on level 23 of a ziggurat)
 58563 | Zig:23   | Identified the +8 arbalest of Woe {venom, rC- rN+ Int+3}
                  | (You found it on level 23 of a ziggurat)
 58608 | Zig:24   | Entered Level 24 of a ziggurat
 58968 | Zig:24   | Identified Sif Muna's Papyrus of Translocation
 59262 | Zig:25   | Entered Level 25 of a ziggurat
 59278 | Zig:25   | Noticed an ancient lich
 59285 | Zig:25   | Noticed an ancient lich
 59293 | Zig:25   | Noticed an ancient lich
 59294 | Zig:25   | Noticed an ancient lich
 59295 | Zig:25   | Noticed an ancient lich
 59298 | Zig:25   | Killed an ancient lich
 59298 | Zig:25   | Killed an ancient lich
 59298 | Zig:25   | Killed an ancient lich
 59298 | Zig:25   | Noticed an ancient lich
 59301 | Zig:25   | Killed an ancient lich
 59303 | Zig:25   | Killed an ancient lich
 59309 | Zig:25   | Killed an ancient lich
 59572 | Zig:25   | Identified the Almanac of Displaced Changing
 59582 | Zig:25   | Identified the Tome of Companions and Cold
 59584 | Zig:25   | Identified the Reference Book on Assistive Calling
 59592 | Zig:25   | Got a crude glass ring
 59595 | Zig:25   | Identified the Collected Works on the Lucky Rocks
 59598 | Zig:25   | Got a slimy silver amulet
 59603 | Zig:25   | Lost mutation: You rapidly evolve. [evolution]
 59689 | Zig:25   | Identified the ring of the Middle {rPois rC- rN+ SInv} (You
                  | found it on level 25 of a ziggurat)
 59693 | Zig:25   | Identified the amulet of Erhosoet {Gourm rF+ Str+3} (You
                  | found it on level 25 of a ziggurat)
 59699 | Zig:25   | Lost mutation: You occasionally shout uncontrollably at
                  | your foes. [potion of mutation]
 59699 | Zig:25   | Lost mutation: Your movements are slightly less encumbered
                  | by armour. (ER -2) [potion of mutation]
 59699 | Zig:25   | Lost mutation: You are partially covered in iridescent
                  | scales. (AC +2) [potion of mutation]
 59699 | Zig:25   | Gained mutation: Your movements are slightly less
                  | encumbered by armour. (ER -2) [potion of mutation]
 59702 | Zig:25   | Got an ichor-stained lajatang
 59703 | Zig:25   | Identified the +3 lajatang of the Messenger {distort,
                  | Int+2} (You found it on level 25 of a ziggurat)
 59798 | Zig:26   | Entered Level 26 of a ziggurat
 59842 | Zig:26   | Reached skill level 10 in Stealth
 59842 | Zig:26   | Reached skill level 15 in Evocations
 59874 | Zig:26   | Reached skill level 10 in Dodging
 60078 | Zig:26   | Found the +7 great mace "Firestarter" {inner flame, rF++}
 60147 | Zig:26   | Got a crude ring mail
 60158 | Zig:26   | Got a warped robe
 60177 | Zig:26   | Got a dazzling demon blade
 60179 | Zig:26   | Identified the +2 demon blade "Lockiufo" {vamp, Str+7
                  | Dex+7} (You found it on level 26 of a ziggurat)
 60191 | Zig:26   | Identified the +4 ring mail of Kexam {*Corrode Str+8} (You
                  | found it on level 26 of a ziggurat)
 60202 | Zig:26   | Identified the cursed +1 robe of the Desert {-Tele Int+5
                  | Dex+2} (You found it on level 26 of a ziggurat)
 60237 | Zig:27   | Entered Level 27 of a ziggurat
 60248 | Zig:27   | Noticed Geecw the pandemonium lord
 60260 | Zig:27   | Noticed a Killer Klown
 60265 | Zig:27   | Killed Geecw the pandemonium lord
 60266 | Zig:27   | Noticed Poongy the pandemonium lord
 60281 | Zig:27   | Noticed a Killer Klown
 60281 | Zig:27   | Noticed Vasuodd the pandemonium lord
 60282 | Zig:27   | Killed a Killer Klown
 60292 | Zig:27   | Killed a Killer Klown
 60293 | Zig:27   | Noticed Jaovest the pandemonium lord
 60294 | Zig:27   | Noticed a Killer Klown
 60295 | Zig:27   | Noticed Manguto the pandemonium lord
 60296 | Zig:27   | Killed Vasuodd the pandemonium lord
 60296 | Zig:27   | Noticed a Killer Klown
 60296 | Zig:27   | Noticed Kais the pandemonium lord
 60297 | Zig:27   | Noticed Aptowod the pandemonium lord
 60298 | Zig:27   | Killed Jaovest the pandemonium lord
 60299 | Zig:27   | Killed a Killer Klown
 60299 | Zig:27   | Killed a Killer Klown
 60301 | Zig:27   | Killed Kais the pandemonium lord
 60302 | Zig:27   | Noticed Rukuamej the pandemonium lord
 60303 | Zig:27   | Noticed a Killer Klown
 60303 | Zig:27   | Slain by Aptowod the pandemonium lord

Skill      XL: |  1  2  3  4  5  6  7  8  9 10 11 12 13 14 15 16 17 18 19 20 21 22 23 24 25 26 27 |
---------------+----------------------------------------------------------------------------------+-----
Conjurations   | 1 2 3 4 5 6 9 |  9.6
Shields        | 2 3 5 9 10 12 19 | 19.2
Poison Magic   | 1 3 6 8 |  8.1
Fire Magic     | 1 4 |  4.3
Stealth        | 3 5 6 12 | 12.7
Polearms       | 1 2 5 |  5.0
Air Magic      | 1 3 4 25 | 25.3
Spellcasting   | 4 5 6 7 8 10 11 13 14 | 14.2
Dodging        | 2 3 5 6 7 8 9 10 | 10.0
Armour         | 1 3 5 7 8 9 10 11 12 | 12.0
Fighting       | 1 3 5 7 8 9 10 11 12 18 | 18.0
Charms         | 1 4 8 |  8.0
Necromancy     | 1 7 8 9 11 12 14 15 18 19 | 19.0
Earth Magic    | 3 7 11 12 14 19 22 25 | 25.6
Evocations     | 4 6 15 | 15.0
Transmutations | 5 13 17 19 | 19.0
Ice Magic      | 2 8 |  8.2
Hexes          | 10 | 10.0
Summonings     | |  1.0
Translocations | |  0.8

Action                   |  1- 3 |  4- 6 |  7- 9 | 10-12 | 13-15 | 16-18 | 19-21 | 22-24 | 25-27 || total
-------------------------+-------+-------+-------+-------+-------+-------+-------+-------+-------++-------
Melee: Trident           |       |     5 |   115 |   547 |   811 |    55 |       |   357 |   234 ||  2124
       Demon trident     |       |       |       |       |       |   600 |   882 |   293 |   114 ||  1889
       Peck              |       |       |       |       |       |    27 |   137 |   180 |   203 ||   547
       Great sword       |       |       |       |       |       |       |       |       |    75 ||    75
       Staff             |       |       |       |       |       |       |       |       |     7 ||     7
 Fire: Hunting sling     |    58 |   173 |     2 |       |       |       |       |       |       ||   233
 Cast: Magic Dart        |    38 |    92 |    37 |    54 |    13 |       |       |       |       ||   234
       Mephitic Cloud    |     1 |    11 |    25 |    85 |    77 |    42 |    11 |     7 |       ||   259
       Conjure Flame     |       |     5 |     8 |    34 |    68 |     9 |    40 |     7 |       ||   171
       Regeneration      |       |       |       |    11 |    20 |    43 |    41 |    40 |    78 ||   233
       Sublimation of Bl |       |       |       |     1 |    10 |    18 |    14 |    68 |   140 ||   251
       Dispel Undead     |       |       |       |     1 |    13 |     4 |    22 |   133 |    33 ||   206
       Borgnjor's Vile C |       |       |       |       |   107 |   181 |   268 |   222 |   203 ||   981
       Shatter           |       |       |       |       |       |       |       |     1 |   170 ||   171
       Necromutation     |       |       |       |       |       |       |       |     2 |    39 ||    41
       Tornado           |       |       |       |       |       |       |       |       |    26 ||    26
       Ozocubu's Armour  |       |       |       |       |       |       |       |       |    22 ||    22
       Darkness          |       |       |       |       |       |       |       |       |     5 ||     5
       Statue Form       |       |       |       |       |       |       |       |       |     1 ||     1
Invok: Receive Necronomi |       |       |       |     1 |       |       |       |       |       ||     1
       Renounce Religion |       |       |       |     1 |       |       |       |       |       ||     1
       Potion Petition   |       |       |       |       |     1 |       |       |     2 |    53 ||    56
 Abil: Dig               |     1 |    25 |     5 |    33 |    46 |    22 |     2 |     7 |     2 ||   143
       End Transformatio |       |       |       |       |       |       |       |     1 |    31 ||    32
Evoke: Wand              |       |       |     2 |     3 |       |    13 |     1 |     4 |     1 ||    24
       Lamp of fire      |       |       |       |       |     1 |     2 |       |     4 |     4 ||    11
       Staff of energy   |       |       |       |       |       |       |       |       |   134 ||   134
       Fan of gales      |       |       |       |       |       |       |       |       |     4 ||     4
       Lightning rod     |       |       |       |       |       |       |       |       |     4 ||     4
       Phial of floods   |       |       |       |       |       |       |       |       |     1 ||     1
       Figurine of a zig |       |       |       |       |       |       |       |       |     1 ||     1
  Use: Potion            |       |     5 |       |       |     4 |     3 |     1 |    15 |    26 ||    54
       Scroll            |       |     7 |       |    13 |     4 |     9 |     6 |     9 |    28 ||    76
 Stab: Confused          |       |       |     7 |    24 |    31 |    17 |     2 |       |       ||    81
       Sleeping          |       |       |       |     6 |     3 |     5 |     9 |     7 |     1 ||    31
       Distracted        |       |       |       |     1 |     9 |    10 |     7 |     5 |     9 ||    41
  Eat: Chunk             |       |    16 |    11 |    26 |       |       |       |       |       ||    53
       Ration            |       |     1 |       |     3 |    18 |    16 |    16 |    10 |    29 ||    93
Armor: Robe              |     8 |    25 |       |       |       |       |       |       |       ||    33
       Leather armour    |       |     4 |    18 |    47 |       |       |       |       |       ||    69
       Troll leather arm |       |       |       |    26 |   196 |   184 |   215 |   218 |   341 ||  1180
       Skin              |       |       |       |       |       |       |       |       |    21 ||    21
Dodge: Dodged            |    18 |    80 |    30 |   196 |   409 |   414 |   420 |   354 |   637 ||  2558
Block: Buckler           |       |     8 |    10 |    75 |   125 |       |       |       |       ||   218
       Shield            |       |       |       |       |    75 |   441 |   457 |   505 |   867 ||  2345
       Rpst.: Trident    |       |       |       |       |       |       |       |    58 |    50 ||   108
       Great sword       |       |       |       |       |       |       |       |       |    48 ||    48
       Demon trident     |       |       |       |       |       |       |       |       |    25 ||    25
       Staff             |       |       |       |       |       |       |       |       |    14 ||    14
